Map: Acid Plant LE

Players

Optimus - Winner!

  • Race: Terran Terran
  • Spawn Location: 5:00

TRUE

  • Race: Zerg Zerg
  • Spawn Location: 11:00

Event: IEM Season 12 - Katowice

VOD

Have the link to the VOD?

Description

Time

  • Played on: Feb. 26, 2018, 9:30 a.m.
  • Length: 9:21

All games in this series

Show
View Real Time Build Order
Export as new Build Order

Optimus Terran - Winner!

Build Orders: Gas First Reaper Expand, Liberator Opening, Reaper Expand, MMM Bio 

Get SALT Encoding   

  12  0:00  SCV  
  13  0:12  SCV  
  14  0:17  Supply Depot  
  14  0:24  SCV  
  15  0:29  Refinery  
  15  0:39  SCV  
  16  0:45  Barracks  
  16  0:51  SCV  
  17  1:03  SCV  
  18  1:15  SCV  
  19  1:31  Orbital Command  
  19  1:32  Reaper  
  20  1:43  Command Center  
  20  1:54  Factory  
  20  1:59  SCV  
  21  2:05  Refinery  
  21  2:06  Barracks Reactor  
  21  2:11  SCV  
  21  2:14  Supply Depot  
  22  2:23  SCV  
  23  2:36  SCV  
  24  2:40  Starport  
  24  2:45  Hellion  
  24  2:47  Hellion, Barracks Tech Lab  
  24  2:50  SCV  
  29  2:57  Orbital Command  
  29  3:02  SCV  
  30  3:11  Hellion x2  
  34  3:14  SCV  
  35  3:22  Medivac  
  35  3:24  SCV  
  35  3:26  SCV  
  39  3:30  Supply Depot  
  39  3:35  Liberator  
  39  3:36  Hellion  
  39  3:37  Hellion  
  43  3:43  Armory  
  43  3:47  SCV x2  
  48  3:59  SCV x2  
  48  4:00  Supply Depot  
  50  4:08  Hellion x2  
  54  4:22  SCV x2  
  54  4:23  Supply Depot  
  56  4:24  Barracks Tech Lab  
  56  4:33  Command Center  
  56  4:34  SCV  
  56  4:37  SCV  
  58  4:46  SCV, Factory Reactor  
  58  4:49  Barracks  
  58  4:50  Marine  
  58  4:51  Barracks  
  58  4:52  Stimpack  
  60  4:54  Starport Reactor  
  60  4:56  SCV  
  60  4:58  SCV  
  62  5:08  SCV, Marine  
  62  5:10  SCV  
  60  5:23  SCV  
  60  5:25  Marine  
  60  5:28  Engineering Bay, Refinery  
  58  5:29  Engineering Bay  
  58  5:34  SCV  
  55  5:39  Marine x2  
  55  5:40  Siege Tank  
  55  5:41  SCV  
  61  5:43  Marine  
  61  5:47  Orbital Command  
  61  5:48  SCV  
  63  5:54  Marine x2  
  63  5:55  Medivac x2  
  63  5:56  Marine  
  64  5:58  Refinery  
  64  5:59  Terran Infantry Weapons Level 1  
  64  6:03  Terran Infantry Armor Level 1  
  64  6:04  Marine x2  
  64  6:06  SCV x2  
  64  6:11  Orbital Command  
  68  6:12  Marine  
  68  6:13  Supply Depot  
  68  6:17  Siege Tank, Marine x2  
  74  6:22  Marine x2  
  76  6:26  SCV x2, Barracks  
  76  6:27  Barracks  
  76  6:29  Marine  
  79  6:35  Marine x2  
  79  6:37  SCV  
  79  6:38  Supply Depot, SCV x2  
  79  6:39  Supply Depot  
  84  6:41  Marine  
  85  6:49  SCV  
  85  6:51  Marine x2  
  85  6:52  Combat Shields  
  85  6:53  Marine x2  
  85  6:54  SCV x2  
  92  6:58  Supply Depot  
  92  6:59  Marine  
  93  7:02  Siege Tank  
  93  7:04  SCV  
  93  7:06  SCV  
  98  7:08  Marine  
  98  7:09  Marine  
  98  7:11  SCV, Barracks  
  98  7:13  Barracks  
  101  7:16  Barracks Reactor x2, Barracks  
  101  7:17  SCV  
  101  7:19  Marine x3  
  101  7:20  SCV  
  106  7:26  Marine  
  106  7:29  Marine  
  108  7:32  Supply Depot  
  108  7:33  SCV x2  
  108  7:34  Siege Tank  
  113  7:37  Marine x3  
  113  7:38  SCV  
  117  7:54  SCV, Marine x5  
  117  7:55  Marine x2  
  117  7:56  Supply Depot  
  117  7:57  Supply Depot  
  125  8:00  Supply Depot  
  125  8:04  Marine x2  
  124  8:06  Siege Tank  
  124  8:08  Barracks Tech Lab  
  124  8:09  Barracks Tech Lab  
  124  8:11  Marine x2  
  125  8:13  Refinery  
  125  8:16  Supply Depot  
  125  8:17  Supply Depot  
  125  8:18  Marine x5, Medivac x2  
  131  8:21  SCV x2  
  131  8:24  Marine x3  
  136  8:29  Marine  
  137  8:35  Marine x5  
  137  8:38  SCV, Siege Tank  
  146  8:43  Marine x6  
  146  8:47  Marine  
  145  8:49  SCV x2  
  145  8:53  Marine x5  
  144  9:01  SCV x2  
Show
View Real Time Build Order
Export as new Build Order

TRUE Zerg 

Build Orders: Hatch First 

Get SALT Encoding   

  12  0:00  Drone  
  13  0:12  Overlord  
  13  0:16  Drone  
  14  0:31  Drone x2  
  14  0:35  Drone  
  17  0:51  Hatchery  
  17  0:55  Drone  
  17  1:07  Spawning Pool  
  17  1:09  Extractor  
  15  1:13  Drone  
  15  1:17  Drone  
  17  1:20  Drone  
  18  1:27  Drone  
  19  1:38  Overlord  
  19  1:57  Queen  
  19  1:58  Zergling x2  
  23  2:01  Zergling x2  
  23  2:02  Queen  
  25  2:09  Drone  
  25  2:10  Drone  
  25  2:12  Metabolic Boost  
  27  2:15  Drone  
  27  2:21  Drone  
  29  2:25  Drone  
  30  2:32  Spore Crawler  
  30  2:34  Drone  
  30  2:36  Queen  
  30  2:38  Drone  
  30  2:42  Overlord  
  34  2:46  Drone  
  35  2:53  Drone  
  36  3:00  Queen  
  36  3:01  Drone  
  36  3:04  Drone  
  40  3:06  Drone  
  40  3:07  Drone  
  40  3:08  Drone x2  
  40  3:10  Overlord  
  44  3:25  Hatchery  
  44  3:26  Overlord  
  43  3:30  Drone x2  
  43  3:31  Drone  
  43  3:32  Drone  
  47  3:38  Drone  
  48  3:43  Drone x3  
  48  3:45  Queen  
  53  3:50  Evolution Chamber  
  53  3:51  Drone  
  54  3:55  Zergling x2  
  54  3:56  Zergling x6  
  57  4:04  Roach Warren, Zergling x2  
  57  4:09  Zergling x2  
  58  4:15  Extractor  
  57  4:18  Lair  
  57  4:26  Drone x3  
  57  4:27  Overlord  
  57  4:30  Overlord  
  60  4:34  Overlord  
  60  4:36  Queen  
  62  4:41  Drone x4  
  66  4:45  Drone x2  
  66  4:46  Drone x2  
  66  4:47  Drone  
  66  4:48  Drone  
  72  4:54  Zerg Ground Armor Level 1  
  72  5:08  Queen  
  72  5:20  Zergling x6  
  63  5:23  Zergling x4  
  63  5:24  Zergling x6  
  64  5:28  Zergling x2  
  64  5:29  Zergling x6  
  64  5:31  Zergling x6  
  60  5:52  Drone x2  
  60  5:55  Drone x2  
  60  5:57  Drone  
  60  5:59  Drone  
  60  6:00  Drone  
  63  6:04  Drone x2  
  63  6:05  Drone x2  
  63  6:08  Drone x2  
  63  6:11  Drone  
  70  6:12  Drone  
  70  6:15  Queen  
  73  6:19  Evolution Chamber  
  73  6:21  Drone x3  
  73  6:23  Extractor  
  73  6:24  Drone  
  75  6:28  Extractor  
  74  6:34  Zergling x8  
  74  6:37  Zergling x4  
  74  6:38  Zergling x2  
  74  6:39  Overlord  
  81  6:40  Extractor  
  81  6:41  Zergling x2  
  81  6:44  Baneling Nest  
  80  6:47  Drone  
  80  6:49  Overlord  
  80  6:51  Zerg Melee Weapons Level 1  
  81  6:59  Hatchery  
  81  7:00  Drone, Zergling x6  
  84  7:01  Zergling x4  
  84  7:05  Drone x2  
  84  7:06  Zergling x2  
  90  7:08  Zergling x6  
  90  7:15  Hydralisk Den  
  91  7:21  Zergling x4  
  91  7:22  Zergling x2  
  94  7:24  Zergling x2  
  94  7:25  Zergling x4  
  94  7:27  Overlord  
  97  7:30  Overlord  
  97  7:33  Overlord  
  97  7:34  Centrifical Hooks  
  97  7:35  Overlord  
  97  7:39  Baneling x7  
  97  7:40  Baneling  
  97  7:42  Overlord  
  97  7:45  Grooved Spines  
  97  7:46  Zergling x4  
  97  7:47  Overlord  
  97  7:49  Zergling x4  
  97  7:50  Zergling x2  
  102  7:52  Zergling x8  
  102  7:54  Zergling x2  
  102  7:55  Zergling x4  
  102  7:58  Zergling x2  
  109  8:01  Zergling x2  
  109  8:05  Zergling x4  
  106  8:10  Zergling x2  
  106  8:11  Zergling x2  
  106  8:12  Baneling x5  
  103  8:14  Queen  
  105  8:21  Zergling x10  
  105  8:22  Zergling x2  
  103  8:27  Zergling x2  
  103  8:28  Zergling x2  
  103  8:30  Zergling x2  
  103  8:31  Zergling x2  
  103  8:33  Zergling x2  
  106  8:36  Baneling x7, Zergling x2  
  104  8:42  Zergling x2  
  104  8:44  Zergling x2  
  104  8:47  Zergling x2  
  102  8:50  Zergling x2  
  95  8:58  Baneling x3, Zergling x4  
  95  9:01  Zergling x2  
  87  9:04  Hatchery  

Tags
 
Add a new tag
Caveats
  • Supply blocks, unpowered buildings, or Contaminate may cause inaccurate times.
  • Supply counts are checked every 10 seconds.